 Dungeon Crawl Stone Soup version 0.26-a0-278-g3b0d5afba5 (webtiles) character file.

Game seed: 12213087752680865022

56 CoolPlay the Skirmisher (level 3, -3/33 HPs)
             Began as a Ghoul Fighter on July 12, 2020.
             Slain by a hobgoblin
             ... wielding a +0 club
             ... led by Robin
              (4 damage)
             ... on level 3 of the Dungeon.
             The game lasted 00:00:42 (1627 turns).

CoolPlay the Skirmisher (Ghoul Fighter)             Turns: 1627, Time: 00:00:43

Health: -3/33      AC:  6    Str: 20    XL:     3   Next: 97%
Magic:  2/2        EV:  7    Int:  3    God:
Gold:   136        SH:  8    Dex:  8    Spells: 2/2 levels left

rFire    . . .     SeeInvis .     - Unarmed
rCold    + . .     Faith    .   b - +0 kite shield
rNeg     + + +     Spirit   .   a - +0 scale mail
rPois    ∞         Reflect  .   (no helmet)
rElec    .         Harm     .   (no cloak)
rCorr    .                      (no gloves)
MR       .....                  (no boots)
Stlth    ..........             (no amulet)
HPRegen  0.00/turn              (no ring)
MPRegen  0.08/turn              (no ring)

@: mighty
A: rotting body, claws 1, cold resistance 1, negative energy resistance 3,
inhibited regeneration, torment resistance, unbreathing
a: no special abilities


You were on level 3 of the Dungeon.
You visited 1 branch of the dungeon, and saw 3 of its levels.

You collected 136 gold pieces.

Inventory:

Armour
 a - a +0 scale mail (worn)
 b - a +0 kite shield (worn)
Jewellery
 g - a cursed ring of attention {unknown}
Scrolls
 c - 2 scrolls of magic mapping {unknown}
 e - a scroll of identify {unknown}
 h - a scroll of remove curse {unknown}
 k - a scroll of enchant weapon {unknown}
 l - a scroll of immolation {unknown}
 m - a scroll of blinking {unknown}
Potions
 d - 3 potions of might
 f - a potion of berserk rage {unknown}
 i - a potion of lignification {unknown}
 j - a potion of haste {unknown}
 n - a potion of stabbing {unknown}


   Skills:
 + Level 3.8 Fighting
 - Level 2.6 Armour
 + Level 3.1 Shields
 * Level 3.6 Unarmed Combat


You had 2 spell levels left.
You didn't know any spells.
Your spell library was empty.

Dungeon Overview and Level Annotations

Branches:
Dungeon (3/15)

Altars:
Trog
Yredelemnul

Annotations:
D:3 Robin


Innate Abilities, Weirdness & Mutations

Your body is rotting away.
You thrive by killing the living.
You are immune to poison.
You have sharp fingernails.
Your flesh is cold resistant. (rC+)
You are immune to negative energy. (rN+++)
You do not regenerate when monsters are visible.
You are immune to unholy pain and torment.
You can survive without breathing.


Message History

Done exploring.
Done exploring.
Done exploring.
Done exploring.
No target in view!
No target in view!
No target in view!
No target in view!
No target in view!
No target in view!
No target in view!
No target in view!
(D) Dungeon
Where to? (Enter - D:2, ? - help)
There is an open door here.
There is an open door here.
There is a stone staircase leading down here.
You climb downwards.
A bat comes into view.
Found a robe.
There is a stone staircase leading up here.
But you're not safe! But you're not safe!
A goblin comes into view. It is wielding a +0 club.
The bat hits you but does no damage.
You closely miss the bat. The bat hits you but does no damage.
You block the bat's attack.
You claw the bat!
You kill the bat! 2 goblins come into view.
A goblin is wielding a +0 dagger of protection.
The goblin shouts!
A goblin comes into view. It is wielding a +0 dagger. x2
The goblin barely misses you.
A goblin comes into view. It is wielding a +0 club.
Found a kite shield.
You closely miss the goblin.
The goblin shouts! x2; You hear a shout! x5
A goblin comes into view. It is wielding a +0 dagger.
The goblin hits you with a +0 club.
A hobgoblin comes into view. It is wielding a +0 club.
A goblin comes into view. It is wielding a -1 club.
Your shield and scale mail prevent you from hitting the goblin.
The hobgoblin shouts!
You hear a shout!
A goblin comes into view. It is wielding a +0 club.
Robin of the Strong Arm comes into view.
They are wielding a +6 spear.
You block the goblin's attack.
You scratch the goblin.
A hobgoblin comes into view. It is wielding a -3 club.
A goblin comes into view.
Robin roars a battlecry!
The goblins go into a battle-frenzy!
You hear an angry hiss.
You closely miss the goblin. The goblin hits you with a +0 club.
You scratch the goblin.
You kill the goblin!
The goblin hits you but does no damage.
A goblin comes into view.
Robin throws the goblin at you!
You scratch the goblin. You block the goblin's attack.
The goblin hits you but does no damage.
You closely miss the goblin. The goblin hits you with a +0 club.
The goblin hits you. You block the goblin's attack.
You claw the goblin!
You kill the goblin!
You feel better. The goblin barely misses you.
The goblin hits you but does no damage. The goblin closely misses you.
A leopard gecko comes into view.
You claw the goblin!
You kill the goblin!
The goblin hits you with a cursed -1 club.
The goblin hits you with a +0 dagger of protection.
Robin throws the goblin at you! But you're not safe! But you're not safe!
But you're not safe!
You claw the goblin!
You kill the goblin!
The goblin hits you with a cursed -1 club.
You block the goblin's attack. Robin throws the goblin at you!
The goblin hits you with a +0 dagger.
The hobgoblin hits you but does no damage.
You block the goblin's attack. Robin throws the goblin at you!
The goblin hits you but does no damage.
You scratch the goblin. You block the goblin's attack. x2
The goblin hits you with a +0 dagger.
You feel very mighty all of a sudden. The goblin hits you but does no damage.
You block the goblin's attack. The goblin hits you with a +0 dagger.
You are too injured to fight recklessly!
You are too injured to fight recklessly!
You are too injured to fight recklessly!
You are too injured to fight recklessly!
You are too injured to fight recklessly!
You are too injured to fight recklessly!
You are too injured to fight recklessly!
You are too injured to fight recklessly!
You are too injured to fight recklessly!
You are too injured to fight recklessly!
You are too injured to fight recklessly!
You are too injured to fight recklessly!
You are too injured to fight recklessly!
You are too injured to fight recklessly!
You are too injured to fight recklessly!
You are too injured to fight recklessly!
You are too injured to fight recklessly!
You are too injured to fight recklessly!
You are too injured to fight recklessly!
You claw the goblin!
You kill the goblin!
The goblin hits you with a +0 dagger of protection.
The goblin hits you with a cursed -1 club.
* * * LOW HITPOINT WARNING * * *
HP warning!
You scratch the goblin.
You kill the goblin!
You feel better.
The goblin no longer looks unusually strong.
The goblin completely misses you. You block the goblin's attack.
Robin roars a battlecry!
The goblin goes into a battle-frenzy!
HP warning!
You miss the goblin.
The goblin no longer looks unusually strong. x2
You block the goblin's attack. The goblin closely misses you.
The goblin hits you but does no damage.
Robin roars a battlecry!
The goblins go into a battle-frenzy!
The hobgoblin barely misses you. The goblin hits you but does no damage.
HP warning!
You claw the goblin!
You kill the goblin!
You block Robin's attack. The goblin barely misses you.
The hobgoblin hits you with a +0 club.
* * * LOW HITPOINT WARNING * * *
You block the goblin's attack.
HP warning!
You closely miss the leopard gecko.
The goblin no longer looks unusually strong.
The leopard gecko barely misses you.
Robin flexes a bicep menacingly.
You block Robin's attack. You block the goblin's attack.
The hobgoblin hits you but does no damage.
The goblin hits you but does no damage.
HP warning!
You claw the leopard gecko!
You kill the leopard gecko!
The goblin hits you but does no damage. You block the goblin's attack.
The hobgoblin hits you with a +0 club.
You die...

########
#......##
#.....gg#
#.....#@#
#....†gg#
##..†))gg.....
#..##.[......
#.. .........
#.##.#.#####.
#. #.#.. #.
[.#### ..


You could see Robin, 2 hobgoblins and 3 goblins.

Vanquished Creatures
  An adder (D:2)
  An ooze (D:2)
  A worm (D:2)
  3 leopard geckos
  4 bats
  A giant cockroach (D:1)
  4 hobgoblins
  4 jackals (D:2)
  A frilled lizard (D:1)
  10 goblins
  2 kobolds
  4 rats
36 creatures vanquished.

Notes
Turn   | Place    | Note
-------+----------+-------------------------------------------
     0 | D:1      | CoolPlay the Ghoul Fighter began the quest for the Orb.
     0 | D:1      | Reached XP level 1. HP: 19/19 MP: 0/0
   185 | D:1      | Reached XP level 2. HP: 25/26 MP: 1/1
   726 | D:2      | Found a basalt altar of Yredelemnul.
   984 | D:2      | Reached XP level 3. HP: 27/31 MP: 2/2
  1214 | D:2      | Found a bloodstained altar of Trog.
  1610 | D:3      | Noticed Robin
  1622 | D:3      | HP: 1/33 [goblin/cursed -1 club (4)]
  1627 | D:3      | Slain by a hobgoblin

Illustrated notes

Levels and vault maps discovered:
D:1:      dpeg_arrival_round_a, layout_basic
D:2:      layout_loops_corners, overflow_temple_1_default, bloody_trog
D:3:      layout_basic, lemuel_round_altar, gammafunk_ghost_grave,
          grunt_qazlal_sundering, uniq_robin

Skill      XL: |  1  2 |
---------------+-------+-----
Unarmed Combat | 3 |  3.6
Shields        | 3 |  3.1
Fighting       | |  3.8
Armour         | |  2.6

Action                   || total
-------------------------++-------
Melee: Unarmed           ||   134
  Use: Potion            ||     1
Armor: Scale mail        ||    54
Dodge: Dodged            ||    39
Block: Kite shield       ||    63

Table legend:
 A = Non-vault XP
 B = Vault XP
 C = Vault XP percentage of total XP
 D = Non-vault monster count
 E = Vault monster count
 F = Vault count percentage of total count
                 A         B        C        D         E       F
            +---------+---------+-------+---------+---------+-------
      Total |      68 |      13 |  16.0 |      29 |       7 |  19.4
            +---------+---------+-------+---------+---------+-------
        D:1 |      20 |       0 |   0.0 |      11 |       0 |   0.0
        D:2 |      44 |       0 |   0.0 |      16 |       0 |   0.0
        D:3 |       4 |      13 |  76.5 |       2 |       7 |  77.8
            +---------+---------+-------+---------+---------+-------
